 Dungeon Crawl Stone Soup version 0.29-a0-901-g46a8461d6a (webtiles) character file.

Game seed: 15024646793240287083

511 leavemydog the Cleaver (level 7, -17/60 HPs)
             Began as a Hill Orc Fighter on July 23, 2022.
             Demolished by an ogre
             ... wielding a +0 giant club
              (22 damage)
             ... on level 5 of the Dungeon.
             The game lasted 00:06:51 (4387 turns).

leavemydog the Cleaver (Hill Orc Fighter)           Turns: 4387, Time: 00:06:52

Health: -17/60     AC: 12    Str: 20 (21) XL:     7   Next: 19%
Magic:  7/7        EV:  9    Int:  7 (8)  God:
Gold:   254        SH:  4    Dex:  7 (10) Spells: 6/6 levels left

rFire   . . .      SeeInvis .   C - +0 war axe (freeze)
rCold   . . .      Faith    .   c - +0 buckler
rNeg    . . .      Spirit   .   b - +0 scale mail
rPois   .          Reflect  .   y - +0 helmet
rElec   .          Harm     .   (no cloak)
rCorr   .          Rampage  .   (no gloves)
Will    .....                   (no boots)
Stlth   ..........              (no amulet)
HPRegen 0.20/turn               q - +4 ring of protection
MPRegen 0.10/turn               (no ring)

@: no status effects
A: no striking features
a: no special abilities


You were on level 5 of the Dungeon.
You visited 1 branch of the dungeon, and saw 5 of its levels.

You collected 254 gold pieces.

Inventory:

Hand Weapons
 m - a +0 battleaxe
 C - a +0 war axe of freezing (weapon)
Armour
 b - a +0 scale mail (worn)
 c - a +0 buckler (worn)
 w - a +0 crystal plate armour
 y - a +0 helmet (worn)
Jewellery
 h - a +6 ring of intelligence
 j - a ring of magical power
 q - a +4 ring of protection (left hand)
Wands
 a - a wand of mindburst (12)
 t - a wand of charming (9)
 A - a wand of flame (22)
Scrolls
 f - a scroll of fear {unknown}
 l - a scroll of acquirement {unknown}
 n - 2 scrolls of blinking {unknown}
 o - 2 scrolls of brand weapon {unknown}
 r - 2 scrolls of immolation {unknown}
 v - 4 scrolls of identify {unknown}
 z - a scroll of butterflies {unknown}
 B - 2 scrolls of teleportation {unknown}
 D - 2 scrolls of magic mapping {unknown}
Potions
 d - a potion of might
 e - 4 potions of degeneration
 g - a potion of resistance
 i - 2 potions of cancellation {unknown}
 k - a potion of heal wounds {unknown}
 p - a potion of lignification {unknown}
 s - 2 potions of magic {unknown}
 u - a potion of curing {unknown}
 x - a potion of mutation {unknown}


   Skills:
 + Level 4.7 Fighting
 * Level 8.2 Axes
 + Level 4.4 Armour
 + Level 4.0 Shields


You had 6 spell levels left.
You didn't know any spells.
Your spell library contained the following spells:

 Spells                   Type           Power      Damage    Failure   Level
 Sublimation of Blood     Necr           0%         N/A       94%         2
 Call Canine Familiar     Summ           0%         N/A       99%         3
 Portal Projectile        Hex/Tloc       0%         N/A       99%         3
 Corpse Rot               Necr/Pois/Air  0%         N/A       100%        4
 Dispel Undead            Necr           0%         3d6       100%        4
 Leda's Liquefaction      Hex/Erth       0%         N/A       100%        4
 Petrify                  Tmut/Erth      0%         N/A       100%        4
 Irradiate                Conj/Tmut      0%         3d11      100%        5
 Death Channel            Necr           0%         N/A       100%        6


Dungeon Overview and Level Annotations

Branches:
Dungeon (5/15)
 Temple: D:4-7

Altars:
Ashenzari
Dithmenos
Gozag
Hepliaklqana
Okawaru
Ru
Uskayaw
Vehumet
Yredelemnul

Shops:
D:3 ?:   D:5 ?

Annotations:
D:4 1 runed translucent door


Message History

No target in view!
Found 6 stones.
An orc wizard comes into view. It is wielding a +0 dagger.
You see here a +0 flail.
An orc wizard is nearby!
The orc wizard shouts!
You slash the orc wizard! You freeze the orc wizard.
You kill the orc wizard!
No target in view!
No target in view!
Things that are here:
a +0 dagger; a +0 robe
There is a stone staircase leading down here.
You see here a staff of conjuration.
Found Basew's Magic Scroll Shop.
You now have 254 gold pieces (gained 15).
An ogre comes into view. It is wielding a +0 giant club.
Found 2 scrolls labelled KIPHUM NYCY.
The ogre barely misses you.
You barely miss the ogre. The ogre hits you with a +0 giant club!
You hit the ogre but do no damage. The ogre hits you with a +0 giant club!
You hit the ogre but do no damage. You slash the ogre! You freeze the ogre.
The ogre is moderately wounded.
The ogre hits you with a +0 giant club!!
* * * LOW HITPOINT WARNING * * *
You are too injured to fight recklessly!
You are too injured to fight recklessly!
You are too injured to fight recklessly!
You are too injured to fight recklessly!
You closely miss the ogre.
The ogre is moderately wounded.
The ogre hits you with a +0 giant club!
* * * LOW HITPOINT WARNING * * *
Okay, then.
It was a potion of degeneration.
There was something very wrong with that liquid.
You feel weakened.
You feel dopey.
You feel clumsy.
The ogre hits you with a +0 giant club!!
You die...

#.≈≈≈≈≈≈≈≈≈≈.≈.....####.
#.................>.....
##.#.######..#.###...)..
#...# ##.#.# #..)###
#.### #.....[...... #.#
####.####.### #.# #...#
..# #.#######....... .##
#.....@O...# ## ##
######$......# #.....###
#.....# #.....# #?....#
#######


You could see an ogre.

Vanquished Creatures
  An ogre (D:4)
  A scorpion (D:5)
  3 hounds
  An orc wizard (D:5)
  3 iguanas
  Robin (D:4)
  3 adders
  A gnoll (D:1)
  2 ufetubi
  A dart slug (D:2)
  14 orcs
  8 ball pythons
  4 bats
  4 endoplasms
  4 giant cockroaches
  19 goblins
  2 hobgoblins
  4 jackals (D:1)
  3 quokkas
  6 frilled lizards
  A jackal zombie (D:4)
  12 kobolds
  6 rats
104 creatures vanquished.

Notes
Turn   | Place    | Note
-------+----------+-------------------------------------------
     0 | D:1      | leavemydog the Hill Orc Fighter began the quest for the
                  | Orb.
     0 | D:1      | Reached XP level 1. HP: 19/19 MP: 1/1
   279 | D:1      | Reached skill level 3 in Axes
   279 | D:1      | Reached XP level 2. HP: 27/27 MP: 2/2
   342 | D:1      | Reached XP level 3. HP: 29/33 MP: 3/3
   678 | D:1      | Reached skill level 4 in Axes
   806 | D:1      | Found a faded altar of an unknown god.
   989 | D:2      | Reached XP level 4. HP: 39/40 MP: 4/4
  1675 | D:3      | Reached skill level 5 in Axes
  1860 | D:3      | Found Oqaig's Vocational Training.
  1916 | D:3      | Found a shadowy altar of Dithmenos.
  2067 | D:3      | Found Lil Icw's Magic Scroll Boutique.
  2235 | D:3      | Found an opulent altar of Gozag.
  2800 | D:4      | Reached XP level 5. HP: 14/41 MP: 5/5
  3089 | D:4      | Found a sacrificial altar of Ru.
  3100 | D:4      | Noticed a human
  3102 | D:4      | Found a runed translucent door.
  3106 | D:4      | Found a basalt altar of Yredelemnul.
  3136 | D:4      | Reached skill level 6 in Axes
  3196 | D:4      | Found a radiant altar of Vehumet.
  3196 | D:4      | Noticed Robin
  3223 | D:4      | Killed Robin
  3517 | D:4      | Found a hide-covered altar of Uskayaw.
  3615 | D:4      | Reached XP level 6. HP: 53/53 MP: 6/6
  3655 | D:4      | Reached skill level 7 in Axes
  3989 | D:5      | Entered Level 5 of the Dungeon
  4031 | D:5      | Found a broken altar of Ashenzari.
  4074 | D:5      | Reached skill level 8 in Axes
  4074 | D:5      | Reached XP level 7. HP: 45/60 MP: 7/7
  4276 | D:5      | Found an iron altar of Okawaru.
  4324 | D:5      | Found a hazy altar of Hepliaklqana.
  4349 | D:5      | Found Basew's Magic Scroll Shop.
  4387 | D:5      | Demolished by an ogre

Illustrated notes

Levels and vault maps discovered:
D:1:      giann_wishing_wells, layout_rooms, shapermc_ecumenical_altar_petra,
          dreamdust_mushroom_princess, grunt_decor_resistance,
          minmay_split_cup_large
D:2:      layout_basic
D:3:      layout_basic, mainiacjoe_overflow_alcove_4,
          nicolae_dithmenos_shadow_blocks, serial_shops,
          nicolae_shop_hallway_stairs, nicolae_shop_vocational
D:4:      layout_cave_pools, mainiacjoe_overflow_catwalk, dk_yredelemnul_ordeal,
          vehumet_altar_wand_db, mainiacjoe_overflow_surrounded_room, uniq_robin
D:5:      layout_basic, cheibrodos_ashenzari_chains, okawaru_ov_weapons_minmay,
          kennysheep_mini, minmay_temple_entry_stoned_glass, serial_shops,
          nicolae_inconvenience_store

Skill      XL: |  1  2  3  4  5  6 |
---------------+-------------------+-----
Axes           | 3 4 5 6 8 |  8.2
Fighting       | 4 |  4.7
Armour         | 4 |  4.4
Shields        | 4 |  4.0

Action                   |  1- 3 |  4- 6 |  7- 9 || total
-------------------------+-------+-------+-------++-------
Melee: War axe           |    90 |   152 |    14 ||   256
  Use: Scroll            |       |     1 |       ||     1
       Potion            |       |       |     1 ||     1
Armor: Scale mail        |    47 |    82 |     5 ||   134
Dodge: Dodged            |    42 |    71 |    11 ||   124
Block: Buckler           |    24 |    43 |     4 ||    71

Table legend: (Time is in decaauts)
 A = Elapsed time spent in this place.
 B = Non-inter-level travel time spent in this place.
 C = Inter-level travel time spent in this place.
 D = Time resting spent in this place.
 E = Time spent auto-exploring this place.
 F = Levels seen in this place.
 G = Mean time per level.
                   A        B        C        D        E       F      G
               +--------+--------+--------+--------+--------+-----+--------+
         Total |   4457 |   4269 |    188 |    932 |   2661 |   5 |  891.4 |
       Dungeon |   4457 |   4269 |    188 |    932 |   2661 |   5 |  891.4 |
               +--------+--------+--------+--------+--------+-----+--------+

Top non-repeatable levels by time:
     D:4: 1217 daAuts
     D:3: 1159 daAuts
     D:1: 920 daAuts
     D:2: 758 daAuts
     D:5: 402 daAuts
